 Dungeon Crawl Stone Soup version 0.16-a0-4060-g00983b4 (webtiles) character file.

157 Eptagon the Insei (level 5, 0/33 HPs)
             Began as an Octopode Transmuter on Feb 21, 2015.
             Slain by aimeelou's ghost (9 damage)
             ... on level 3 of the Dungeon.
             The game lasted 00:05:04 (2791 turns).

Eptagon the Insei (Octopode Transmuter)             Turns: 2791, Time: 00:05:04

Health: 0/33       AC:  1    Str: 10    XL:     5   Next: 38%
Magic:  9/9        EV: 12    Int: 15    God:
Gold:   122        SH:  0    Dex: 13    Spells: 1 memorised, 7 levels left

rFire  . . .     SeeInvis .       - Unarmed
rCold  . . .     Clarity  .     (no shield)
rNeg   . . .     SustAb   .     (helmet restricted)
rPois  .         Gourm    .     (no amulet)
rElec  .         Spirit   .     (no ring)
rCorr  .         Warding  .     (no ring)
rMut   .         Stasis   .     (no ring)
MR     .....                    (no ring)
Stlth  ++........               (no ring)
                                (no ring)
                                (no ring)
                                (no ring)

@: appendage (expiring), not resistant to hostile enchantments, unstealthy
A: almost no armour, amphibious, 8 rings, constrict 8, tentacle spike 3,
camouflage 1, gelatinous body 1
a: End Transformation


You were on level 3 of the Dungeon.
You were not hungry.
One of your tentacles had a temporary spike.
You visited 1 branch of the dungeon, and saw 3 of its levels.

You collected 122 gold pieces.

Inventory:

Missiles
 b - 10 poisoned needles
Scrolls
 j - a scroll of random uselessness {unknown}
Potions
 e - a potion of magic
 g - a potion of mutation
Books
 d - a book of Changes

   Spells                             Type                      Level
   a - Beastly Appendage              Transmutation                1
   b - Sticks to Snakes               Transmutation                2
   c - Spider Form                    Transmutation/Poison         3
   d - Ice Form                       Ice/Transmutation            4
   e - Blade Hands                    Transmutation                5
Comestibles
 a - a bread ration
 c - 4 meat rations
 f - a beef jerky
 i - a chunk of flesh


   Skills:
 - Level 1.0 Fighting
 - Level 2.0 Dodging
 + Level 5.9 Unarmed Combat
 - Level 2.0 Spellcasting
 - Level 2.0 Transmutations


You had 7 spell levels left.
You knew the following spells:

 Your Spells              Type           Power        Failure   Level  Hunger
a - Beastly Appendage     Trmt           #.....       12%         1    #......


Dungeon Overview and Level Annotations

Branches:
Dungeon (3/15)

Altars:
Yredelemnul
The Shining One

Annotations:
D:3 aimeelou's ghost, average CeHu


Innate Abilities, Weirdness & Mutations

You cannot wear most types of armour.
You are amphibious.
You can wear up to eight rings at the same time.
You can use your tentacles to constrict many enemies at once.
Your skin changes colour to match your surroundings (Stealth).
Your rubbery body absorbs attacks (AC +1).
One of your tentacles bears a large vicious spike.


Message History

You squeeze aimeelou's ghost, but do no damage.
Aimeelou's ghost is lightly damaged.
You tentacle-slap aimeelou's ghost but do no damage.
You pierce aimeelou's ghost.
Aimeelou's ghost is lightly damaged.
Aimeelou's ghost hits you!
* * * LOW HITPOINT WARNING * * *
Drink which item? (? for menu, Esc to quit)
It was a potion of magic.
Magic courses through your body. Aimeelou's ghost hits you!
* * * LOW HITPOINT WARNING * * *
Drink which item? (? for menu, Esc to quit)
It was a potion of curing.
You feel better.
Your transformation is almost over.
You feel something passing dangerously close to your head.
Aimeelou's ghost closely misses you. Aimeelou's ghost completely misses you.
There is a stone staircase leading down here.
Aimeelou's ghost hits you!
You die...

.# ## ## #. .# .. ..
.#### .###. ....# ..=
###.# #.# #.# ##.#######
#.############..........
#..........รท..W#.######
##############@.......#
########..


You could see aimeelou's ghost.

Vanquished Creatures
  Sigmund (D:3)
  4 worms
  A giant gecko (D:2)
  7 bats
  3 giant cockroaches (D:2)
  9 goblins
  12 hobgoblins
  2 jackals (D:1)
  6 kobolds
  A giant newt (D:1)
  9 rats
55 creatures vanquished.

Notes
Turn   | Place    | Note
--------------------------------------------------------------
     0 | D:1      | Eptagon, the Octopode Transmuter, began the quest for the Orb.
     0 | D:1      | Reached XP level 1. HP: 13/13 MP: 3/3
    64 | D:1      | Reached XP level 2. HP: 8/18 MP: 4/4
   598 | D:1      | Reached skill level 4 in Unarmed Combat
   604 | D:1      | Reached XP level 3. HP: 8/23 MP: 6/6
  1368 | D:2      | HP: 1/23 [worm (5)]
  1811 | D:2      | Reached XP level 4. HP: 14/28 MP: 5/7
  1957 | D:2      | Found a basalt altar of Yredelemnul.
  1960 | D:2      | Found a glowing golden altar of the Shining One.
  1982 | D:2      | Noticed a profane servitor
  1993 | D:2      | Noticed an angel
  2299 | D:3      | Reached skill level 5 in Unarmed Combat
  2393 | D:3      | Noticed Sigmund
  2399 | D:3      | Killed Sigmund
  2399 | D:3      | Reached XP level 5. HP: 21/33 MP: 9/9
  2779 | D:3      | Noticed aimeelou's ghost (average CeHu)
  2791 | D:3      | Slain by aimeelou's ghost

Action                   |  1- 3 |  4- 6 || total
-------------------------+-------+-------++-------
Melee: Unarmed           |    86 |    39 ||   125
 Cast: Beastly Appendage |     5 |     1 ||     6
  Use: Scroll            |       |     1 ||     1
       Potion            |       |     2 ||     2
 Stab: Sleeping          |     5 |     2 ||     7
  Eat: Chunk             |     3 |     3 ||     6
